 Dungeon Crawl Stone Soup version 0.30-a0-141-g30f27751c5 (webtiles) character file.

Game seed: 4308720616093428528

755 qw the Chopper (level 7, -9/44 HPs)
             Began as a Gargoyle Fighter on Sept 25, 2022.
             Was an Initiate of Okawaru.
             Mangled by Duvessa
             ... wielding a +0 short sword
              (15 damage)
             ... on level 5 of the Dungeon.
             The game lasted 00:01:59 (5949 turns).

qw the Chopper (Gargoyle Fighter)                   Turns: 5949, Time: 00:01:59

Health: -9/44      AC: 13    Str: 21    XL:     7   Next: 79%
Magic:  7/7        EV:  9    Int:  9    God:    Okawaru [......]
Gold:   327        SH:  5    Dex: 15    Spells: 6/6 levels left

rFire   . . .      SeeInvis .    Y - +1 war axe (vorpal)
rCold   . . .      Faith    .    c - +0 buckler
rNeg    + . .      Spirit   .    b - +0 scale mail
rPois   inf        Reflect  .    (no helmet)
rElec   +          Harm     .    h - +1 cloak
rCorr   .          Rampage  .    (no gloves)
Will    .....                    (no boots)
Stlth   ..........               (no amulet)
HPRegen 0.14/turn                g - +6 ring of dexterity
MPRegen 0.10/turn                (no ring)

@: about to teleport
A: sickness immunity, AC +4, negative energy resistance 1, electricity
resistance, torment resistance 1, petrification resistance
a: Renounce Religion


You were on level 5 of the Dungeon.
You worshipped Okawaru.
Okawaru was noncommittal.
You visited 2 branches of the dungeon, and saw 6 of its levels.

You collected 327 gold pieces.


Innate Abilities, Weirdness & Mutations

You are immune to sickness and miasma.
Your stone body is resilient. (AC +4)
You are immune to poison.
You resist negative energy. (rN+)
You are resistant to electric shocks. (rElec)
You are resistant to unholy torment.
You are immune to petrification.


   Skills:
 + Level 4.4 Fighting
 - Level 7.0 Axes
 - Level 1.2 Throwing
 - Level 3.2 Armour
 - Level 1.2 Dodging
 - Level 3.2 Shields


You had 6 spell levels left.
You didn't know any spells.
Your spell library was empty.

Inventory:

Hand Weapons
 n - a +0 morningstar
 Y - a +1 vorpal war axe (weapon)
Missiles
 l - 3 silver boomerangs (quivered)
Armour
 b - a +0 scale mail (worn)
 c - a +0 buckler (worn)
 h - a +1 cloak (worn)
Jewellery
 g - a +6 ring of dexterity (left hand)
Scrolls
 m - a scroll of identify
Potions
 a - a potion of mutation
 d - 3 potions of might
 e - 2 potions of attraction {unknown}
 f - 3 potions of curing
 j - a potion of haste
 k - a potion of flight {unknown}
 p - a potion of lignification

Dungeon Overview and Level Annotations

Branches:
Dungeon (5/15)             Temple (1/1) D:4

Altars:
Cheibriados
Dithmenos
Elyvilon
Hepliaklqana
Kikubaaqudgha
Nemelex Xobeh
Okawaru
Qazlal
Ru
Uskayaw
Wu Jian
Xom
Yredelemnul
Zin

Annotations:
D:5 Duvessa


Message History

You hear a shout!
You hear a shout!
You hear a shout!
You hear a shout!
You hear a shout!
There is an open door here.
Throw: 3 boomerangs (silver)
Press: ? - help, Q - select action Shift-Dir - straight line, f - Duvessa You throw a silver boomerang.
The silver boomerang hits Duvessa.
Duvessa is moderately wounded.
Throw: 3 boomerangs (silver)
Press: ? - help, Q - select action Shift-Dir - straight line, f/p - Duvessa You throw a silver boomerang.
The silver boomerang closely misses Duvessa.
You hit Duvessa but do no damage.
Duvessa is moderately wounded.
Duvessa barely misses you. You block Duvessa's attack.
You barely miss Duvessa.
Duvessa is moderately wounded.
You block Duvessa's attack.
You hit Duvessa but do no damage.
Duvessa is moderately wounded.
You block Duvessa's attack. Duvessa hits you with a +0 short sword!
You hit Duvessa but do no damage.
Duvessa is moderately wounded.
You block Duvessa's attack. Duvessa hits you with a +0 short sword.
You barely miss Duvessa.
Duvessa is moderately wounded.
Duvessa hits you with a +0 short sword! You block Duvessa's attack.
You hit Duvessa.
Duvessa is moderately wounded.
Duvessa hits you with a +0 short sword.
5948 ||| READING scroll of teleportation.
As you read the scroll of teleportation, it crumbles to dust.
You feel strangely unstable. Duvessa hits you but does no damage.
Duvessa hits you with a +0 short sword.
You barely miss Duvessa.
Duvessa is moderately wounded.
Duvessa hits you with a +0 short sword!
You die...

##.#.#####..###.###.##.## #
#.#.....o..........##... #
#.############.#######.# #####
##'## #........# #.# ....#
##...## #.##.###.# #.# ###.#
##.....## #.##.# #.# #.#
.##.###.......## ##.##.# #.# #.#
..#.##......:..####...#.###.###.#
.....'.........'@e...............
..#.##.....)...####...#.###[.....
>##.###.......## #.....###..##.#
###.# ##.....## #..........##.#
....# ##...## ##.#######.##.#
##### ##'## #.# #.##.# # #.# #.#
#..... ## #.# #.# ####.# .#####
##.#########.# #.#


You could see Duvessa (berserk).

Vanquished Creatures
  An ice beast (D:5)
  An ogre (D:5)
  4 wights (D:3)
  A scorpion (D:4)
  Dowan (D:5)
  A jelly (D:5)
  A hound (D:5)
  An orc priest (D:5)
  An iguana (D:5)
  6 adders
  3 gnolls (D:3)
  2 ufetubi
  A dart slug (D:1)
  6 orcs
  7 endoplasms
  A giant cockroach (D:3)
  3 goblins
  7 hobgoblins
  6 jackals
  A quokka (D:1)
  4 ball pythons
  6 bats
  3 frilled lizards
  4 kobolds
  6 rats
78 creatures vanquished.

Notes
Turn   | Place    | Note
-------+----------+-------------------------------------------
     0 | D:1      | qw the Gargoyle Fighter began the quest for the Orb.
     0 | D:1      | Reached XP level 1. HP: 14/14 MP: 1/1
     0 | D:1      | 0 ||| qw: Version: 0.2-a-10-g399e6c4
     0 | D:1      | 0 ||| qw: Game counter: 385
     0 | D:1      | 0 ||| qw: Always use a shield: true
     0 | D:1      | 0 ||| qw: God list: Okawaru
     0 | D:1      | 0 ||| qw: Allow faded altars: false
     0 | D:1      | 0 ||| qw: Do Orc after D:15 true
     0 | D:1      | 0 ||| qw: Do second Lair branch before Depths: true
     0 | D:1      | 0 ||| qw: Lair rune preference: random
     0 | D:1      | 0 ||| qw: Plans: Normal, Zot:1-4, God:TSO, Crypt, Tomb,
                  | Pan, Slime:5, Hells, Abyss, Orb
     0 | D:1      | 0 ||| PLANNING D:1-11
   110 | D:1      | Reached skill level 2 in Axes
   237 | D:1      | Found a faded altar of an unknown god.
   250 | D:1      | Reached XP level 2. HP: 17/19 MP: 2/2
   720 | D:1      | Reached skill level 3 in Axes
   765 | D:1      | Reached XP level 3. HP: 18/23 MP: 3/3
   873 | D:1      | 873 ||| UPGRADING to +0 cloak.
   878 | D:1      | 878 ||| UPGRADING to +6 ring of dexterity.
   879 | D:1      | 879 ||| DROPPING ring of wizardry.
   880 | D:1      | 880 ||| READING scroll labelled LAOMYI VAXOA.
   881 | D:1      | 881 ||| READING scroll labelled UCEYNT XUMAXT.
   882 | D:1      | 882 ||| READING scroll labelled WUIBLU NUWK.
  1057 | D:2      | Reached skill level 1 in Dodging
  1059 | D:2      | 1059 ||| FLEEEEING.
  1060 | D:2      | 1060 ||| FLEEEEING.
  1061 | D:2      | 1061 ||| FLEEEEING.
  1062 | D:2      | 1062 ||| FLEEEEING.
  1063 | D:2      | 1063 ||| FLEEEEING.
  1066 | D:2      | 1066 ||| FLEEEEING.
  1067 | D:2      | 1067 ||| FLEEEEING.
  1068 | D:2      | 1068 ||| FLEEEEING.
  1069 | D:2      | 1069 ||| FLEEEEING.
  1072 | D:2      | 1072 ||| FLEEEEING.
  1073 | D:2      | 1073 ||| FLEEEEING.
  1074 | D:2      | 1074 ||| FLEEEEING.
  1075 | D:2      | 1075 ||| FLEEEEING.
  1076 | D:2      | 1076 ||| FLEEEEING.
  1077 | D:2      | 1077 ||| FLEEEEING.
  1078 | D:2      | 1078 ||| FLEEEEING.
  1081 | D:2      | 1081 ||| FLEEEEING.
  1082 | D:2      | 1082 ||| FLEEEEING.
  1083 | D:2      | 1083 ||| FLEEEEING.
  1084 | D:2      | 1084 ||| FLEEEEING.
  1085 | D:2      | 1085 ||| FLEEEEING.
  1086 | D:2      | 1086 ||| FLEEEEING.
  1088 | D:2      | 1088 ||| FLEEEEING.
  1089 | D:2      | 1089 ||| FLEEEEING.
  1090 | D:2      | 1090 ||| FLEEEEING.
  1091 | D:2      | 1091 ||| FLEEEEING.
  1092 | D:2      | 1092 ||| FLEEEEING.
  1093 | D:2      | 1093 ||| FLEEEEING.
  1094 | D:2      | 1094 ||| STAIRDANCE
  1124 | D:1      | 1124 ||| READING scroll labelled ZEUKKO QIUXONERI.
  1218 | D:2      | Reached XP level 4. HP: 23/28 MP: 4/4
  1406 | D:2      | 1406 ||| DROPPING +0 club.
  1732 | D:2      | 1732 ||| DROPPING +0 whip.
  1739 | D:2      | 1739 ||| READING scroll labelled WEKOSK SITOI.
  1740 | D:2      | 1740 ||| READING 2 scrolls labelled VAEMYTR UNUUCW.
  1741 | D:2      | 1741 ||| READING scroll labelled VOESUACLITS.
  1744 | D:2      | 1744 ||| READING scroll labelled UTICHO ONWEITEMN.
  1745 | D:2      | 1745 ||| DRINKING 2 grey potions.
  1746 | D:2      | 1746 ||| DROPPING scroll of fog.
  1811 | D:3      | Reached skill level 4 in Axes
  1811 | D:3      | Reached XP level 5. HP: 13/32 MP: 5/5
  2014 | D:3      | Identified the +1 leather armour of Imoowom {Int+3}
  2221 | D:3      | HP: 5/32 [wight/+0 great sword (12)]
  2222 | D:3      | 2222 ||| READING 2 scrolls of teleportation.
  2222 | D:3      | HP: 2/32 [wight/+0 short sword (4)]
  2243 | D:3      | 2243 ||| FLEEEEING.
  2244 | D:3      | 2244 ||| FLEEEEING.
  2245 | D:3      | 2245 ||| FLEEEEING.
  2246 | D:3      | 2246 ||| FLEEEEING.
  2247 | D:3      | 2247 ||| FLEEEEING.
  2249 | D:3      | 2249 ||| READING scroll of teleportation.
  2252 | D:3      | Reached skill level 5 in Axes
  2252 | D:3      | Reached XP level 6. HP: 5/37 MP: 6/6
  2645 | D:3      | 2645 ||| Stepping ~*~*~tactically~*~*~ (stealth).
  2646 | D:3      | 2646 ||| Stepping ~*~*~tactically~*~*~ (stealth).
  3089 | D:3      | Found a hazy altar of Hepliaklqana.
  3411 | D:3      | 3411 ||| DROPPING +1 leather armour of Imoowom {Int+3}.
  3412 | D:3      | 3412 ||| READING scroll labelled UZOYCZOLEL.
  3413 | D:3      | 3413 ||| READING scroll labelled XUSHRU VEBLO.
  3414 | D:3      | 3414 ||| DRINKING 2 green potions.
  3415 | D:3      | 3415 ||| READING 4 scrolls of identify.
  3415 | D:3      | 3415 ||| IDENTIFYING coppery potion
  3416 | D:3      | 3416 ||| READING 3 scrolls of identify.
  3416 | D:3      | 3416 ||| IDENTIFYING purple potion
  3417 | D:3      | 3417 ||| READING 2 scrolls of identify.
  3417 | D:3      | 3417 ||| IDENTIFYING amethyst potion
  3418 | D:3      | 3418 ||| DROPPING potion of ambrosia.
  3466 | D:4      | 3466 ||| Stepping ~*~*~tactically~*~*~ (stealth).
  3774 | D:4      | Found a stormy altar of Qazlal.
  3776 | D:4      | Noticed an air elemental
  3777 | D:4      | Noticed a water elemental
  3777 | D:4      | Noticed a fire elemental
  4330 | D:4      | Found a staircase to the Ecumenical Temple.
  4331 | D:4      | 4331 ||| PLANNING TEMPLE
  4331 | D:4      | 4331 ||| READING scroll labelled QILIUZ ZACW.
  4332 | D:4      | 4332 ||| READING 2 scrolls of identify.
  4332 | D:4      | 4332 ||| IDENTIFYING fizzy orange potion
  4341 | Temple   | Entered the Ecumenical Temple
  4349 | Temple   | 4349 ||| PLANNING OKAWARU WORSHIP
  4486 | Temple   | Became a worshipper of Warmaster Okawaru
  4487 | Temple   | 4487 ||| PLANNING D:1-11
  4735 | D:5      | Entered Level 5 of the Dungeon
  4750 | D:5      | Noticed an ice beast
  4760 | D:5      | Killed an ice beast
  4761 | D:5      | Reached skill level 6 in Axes
  4761 | D:5      | Reached XP level 7. HP: 20/44 MP: 7/7
  4814 | D:5      | 4814 ||| FLEEEEING.
  4815 | D:5      | 4815 ||| FLEEEEING.
  4816 | D:5      | 4816 ||| FLEEEEING.
  4819 | D:5      | 4819 ||| FLEEEEING.
  4820 | D:5      | 4820 ||| STAIRDANCE
  5063 | D:5      | 5063 ||| FLEEEEING.
  5065 | D:5      | 5065 ||| FLEEEEING.
  5068 | D:5      | 5068 ||| FLEEEEING.
  5069 | D:5      | 5069 ||| FLEEEEING.
  5071 | D:5      | 5071 ||| FLEEEEING.
  5072 | D:5      | 5072 ||| FLEEEEING.
  5073 | D:5      | 5073 ||| FLEEEEING.
  5074 | D:5      | 5074 ||| FLEEEEING.
  5075 | D:5      | 5075 ||| FLEEEEING.
  5076 | D:5      | 5076 ||| FLEEEEING.
  5077 | D:5      | 5077 ||| FLEEEEING.
  5078 | D:5      | 5078 ||| FLEEEEING.
  5079 | D:5      | 5079 ||| FLEEEEING.
  5080 | D:5      | 5080 ||| FLEEEEING.
  5081 | D:5      | 5081 ||| FLEEEEING.
  5082 | D:5      | 5082 ||| FLEEEEING.
  5087 | D:5      | 5087 ||| FLEEEEING.
  5088 | D:5      | 5088 ||| FLEEEEING.
  5089 | D:5      | 5089 ||| FLEEEEING.
  5090 | D:5      | 5090 ||| FLEEEEING.
  5091 | D:5      | 5091 ||| FLEEEEING.
  5104 | D:5      | 5104 ||| FLEEEEING.
  5105 | D:5      | 5105 ||| FLEEEEING.
  5106 | D:5      | 5106 ||| FLEEEEING.
  5107 | D:5      | 5107 ||| FLEEEEING.
  5109 | D:5      | 5109 ||| FLEEEEING.
  5110 | D:5      | 5110 ||| FLEEEEING.
  5111 | D:5      | 5111 ||| FLEEEEING.
  5130 | D:5      | 5130 ||| FLEEEEING.
  5131 | D:5      | 5131 ||| FLEEEEING.
  5132 | D:5      | 5132 ||| FLEEEEING.
  5136 | D:5      | 5136 ||| STAIRDANCE
  5299 | D:5      | 5299 ||| READING scroll of enchant armour.
  5299 | D:5      | 5299 ||| ENCHANTING +0 cloak.
  5396 | D:5      | Noticed Dowan
  5396 | D:5      | Noticed Duvessa
  5402 | D:5      | Killed Dowan
  5403 | D:5      | Reached skill level 1 in Throwing
  5403 | D:5      | HP: 8/44 [Duvessa/+0 short sword (12)]
  5404 | D:5      | 5404 ||| READING 2 scrolls of teleportation.
  5405 | D:5      | 5405 ||| DRINKING 2 potions of heal wounds.
  5407 | D:5      | 5407 ||| DRINKING potion of heal wounds.
  5754 | D:5      | Reached skill level 7 in Axes
  5947 | D:5      | HP: 10/44 [Duvessa/+0 short sword (3)]
  5948 | D:5      | 5948 ||| READING scroll of teleportation.
  5949 | D:5      | Mangled by Duvessa

Levels and vault maps discovered:
D:1:      amcnicky_arrival_feature_with_door, layout_loops_cross,
          dreamdust_ecumenical_altar_statues, amethyst_killhole
D:2:      layout_loops_ring, chequers_garden, kennysheep_cluttered_room
D:3:      layout_basic, mainiacjoe_overflow_alcove_2, minmay_fountain_box,
          kennysheep_donut, chequers_arboretum
D:4:      layout_loops_corners, nicolae_qazlal_style_of_elements,
          lemuel_temple_firewalk_b, chequers_jeans, kennysheep_cross_room
D:5:      layout_loops_corners, chequers_serial_rivers_room_a, uniq_duvessa
Temple:   hellmonk_temple_forest_ring

Skill      XL: |  1  2  3  4  5  6  7 |
---------------+----------------------+-----
Axes           | 2 3 4 5 6 7 |  7.0
Dodging        | 1 |  1.2
Fighting       | 4 |  4.4
Throwing       | 1 |  1.2
Armour         | |  3.2
Shields        | |  3.2

Action                   |  1- 3 |  4- 6 |  7- 9 || total
-------------------------+-------+-------+-------++-------
Melee: War axe           |   109 |   125 |    45 ||   279
Throw: Boomerang         |       |       |     3 ||     3
  Use: Scroll            |     4 |    13 |     3 ||    20
       Potion            |       |     2 |     2 ||     4
Armor: Scale mail        |    76 |    53 |    21 ||   150
Dodge: Dodged            |    68 |    49 |    16 ||   133
Block: Buckler           |    27 |    24 |    18 ||    69

Table legend:
 A = Non-vault XP
 B = Vault XP
 C = Vault XP percentage of total XP
 D = Non-vault monster count
 E = Vault monster count
 F = Vault count percentage of total count
                 A         B        C        D         E       F
            +---------+---------+-------+---------+---------+-------
      Total |    1010 |      69 |   6.4 |      77 |       1 |   1.3
            +---------+---------+-------+---------+---------+-------
        D:1 |      35 |       0 |   0.0 |      20 |       0 |   0.0
        D:2 |      60 |       0 |   0.0 |      14 |       0 |   0.0
        D:3 |     373 |       0 |   0.0 |      21 |       0 |   0.0
        D:4 |     119 |       0 |   0.0 |      10 |       0 |   0.0
        D:5 |     423 |      69 |  14.0 |      12 |       1 |   7.7
            +---------+---------+-------+---------+---------+-------
